 Dungeon Crawl Stone Soup version 0.26.1-2-gb8aa6d0cf2 (webtiles) character file.

Game seed: 10583674860180183559

2340 jlumianski the Chopper (level 9, 0/79 HPs)
             Began as a Palentonga Fighter on Mar 2, 2021.
             Was a Priest of Okawaru.
             Slain by Harold
             ... wielding a +3 vorpal long sword
              (4 damage)
             ... on level 7 of the Dungeon.
             The game lasted 00:25:31 (6555 turns).

jlumianski the Chopper (Palentonga Fighter)         Turns: 6555, Time: 00:25:32

Health: 0/79       AC: 15    Str: 23    XL:     9   Next: 20%
Magic:  12/12      EV:  5    Int:  9    God:    Okawaru [***...]
Gold:   405        SH: 11    Dex:  9    Spells: 8/8 levels left

rFire    + + .     SeeInvis +   l - +4 hand axe
rCold    + . .     Faith    .   c - +1 kite shield
rNeg     . . .     Spirit   .   u - +0 chain mail
rPois    .         Reflect  .   (no helmet)
rElec    .         Harm     .   y - scarf {rC+ rF+}
rCorr    .         Rampage  .   (no gloves)
Will     .....                  (no barding)
Stlth    ..........             (no amulet)
HPRegen  0.23/turn              (no ring)
MPRegen  0.13/turn              C - ring of protection from fire

@: mighty, marked, curled up
A: large, rugged brown scales 3, see invisible, deformed body, roll 1, armoured
tail, reflexive curl
a: Rolling Charge, Renounce Religion, Heroism


You were on level 7 of the Dungeon.
You worshipped Okawaru.
Okawaru was most pleased with you.
You visited 2 branches of the dungeon, and saw 9 of its levels.

You collected 405 gold pieces.

Inventory:

Hand Weapons
 a - a +0 war axe
 l - a +4 hand axe (weapon)
 z - a +0 whip of flaming
Missiles
 j - 262 stones
 v - 53 poisoned darts (quivered)
 H - 7 atropa-tipped darts
 J - 2 throwing nets
Armour
 b - a +0 scale mail
 c - a +1 kite shield (worn)
 q - a +0 cloak
 u - a +0 chain mail (worn)
 y - a scarf of resistance (worn)
Jewellery
 n - an uncursed ring of attention
 B - an uncursed amulet of magic regeneration
 C - a ring of protection from fire (right hand)
Wands
 I - a wand of enslavement (10)
Scrolls
 f - a scroll of fog {unknown}
 h - 4 scrolls of amnesia {unknown}
 k - a scroll of enchant weapon {unknown}
 m - a scroll of blinking {unknown}
 o - 3 scrolls of enchant armour
 p - 2 scrolls of teleportation
 s - 2 scrolls of magic mapping
 t - a scroll of noise
 x - 2 scrolls of remove curse
 E - 2 scrolls of identify
 F - 3 scrolls of immolation {unknown}
 K - a scroll of random uselessness {unknown}
Potions
 d - a potion of might
 e - a potion of curing {unknown}
 g - 2 potions of flight
 i - a potion of magic
 r - a potion of cancellation
 w - a potion of lignification
 A - a potion of ambrosia {unknown}
 D - a potion of berserk rage {unknown}
 G - a potion of haste {unknown}


   Skills:
 + Level 5.0 Fighting
 + Level 7.3 Axes
 + Level 1.4 Throwing
 + Level 5.1 Armour
 + Level 1.1 Dodging
 - Level 1.1 Stealth
 + Level 4.6 Shields
 * Level 4.7 Invocations


You had 8 spell levels left.
You didn't know any spells.
Your spell library contained the following spells:

 Spells                   Type           Power        Failure   Level
 Corona                   Hex            0%           100%        1
 Magic Dart               Conj           0%           100%        1
 Blink                    Tloc           N/A          100%        2
 Call Imp                 Summ           0%           100%        2
 Searing Ray              Conj           0%           100%        2
 Slow                     Hex            0%           100%        2
 Conjure Flame            Conj/Fire      0%           100%        3
 Dazzling Flash           Conj/Hex       0%           100%        3
 Inner Flame              Hex/Fire       0%           100%        3
 Mephitic Cloud           Conj/Pois/Air  0%           100%        3
 Portal Projectile        Hex/Tloc       0%           100%        3
 Cause Fear               Hex            0%           100%        4
 Fulminant Prism          Conj/Hex       0%           100%        4
 Iskenderun's Mystic Bla  Conj/Tloc      0%           100%        4
 Leda's Liquefaction      Hex/Erth       0%           100%        4


Dungeon Overview and Level Annotations

Branches:
Dungeon (8/15)             Temple (1/1) D:4
   Lair: D:8-11

Altars:
Ashenzari
Cheibriados
Dithmenos
Elyvilon
Fedhas
Gozag
Makhleb
Okawaru
Ru
Sif Muna
Trog
Uskayaw
Vehumet
Wu Jian
Xom
Yredelemnul
Zin
The Shining One

Annotations:
D:4 1 runed translucent door, Crazy Yiuf; Ijyb
D:5 1 runed translucent door, Gadfly's ghost, novice TrBe
D:7 Harold


Innate Abilities, Weirdness & Mutations

You are completely covered in rugged brown scales. (AC +3, +7% HP)
You have supernaturally acute eyesight. (SInv)
Armour fits poorly on your strangely shaped body.
You can roll at nearby foes to attack.
You have a long armoured tail.
You curl defensively after being hit.


Message History

Harold is heavily wounded.
Harold zaps a wand.
You suddenly lose the ability to move!
Harold gestures at you while chanting. The mark upon you grows brighter.
Harold zaps a wand.
You shrug off the repeated paralysis!
Harold hits you with a +3 vorpal long sword!
* * * LOW HITPOINT WARNING * * *
x2 You can move again.
You feel very mighty all of a sudden. You block Harold's attack.
You hit Harold. You tail-slap Harold, but do no damage.
Harold is heavily wounded.
You hit Harold.
Harold is heavily wounded.
Harold zaps a wand.
You resist with some effort.
You hit Harold.
Harold is heavily wounded.
Harold hits you with a +3 vorpal long sword!
* * * LOW HITPOINT WARNING * * *
You die...

######### #.......#
##############.......#.#
.........†...'..>....'..
##########.###...@Y..# #.#
###@#+######## ##### #.#
#(#.......<# ....#
#.#####.#####.#### ....#
#...............
....############.############
....##.........).........[)<#
....##.#########.############
....##.# #.# ....##.# #.#


You could see Harold and an ice beast.

Vanquished Creatures
  Pikel (D:4)
  Duvessa (D:6)
  A sky beast (D:4)
  An orc warrior (D:6)
  2 ogres
  2 phantoms
  A necrophage (D:7)
  A centaur (D:5)
  Blork the orc (D:6)
  3 bullfrogs
  Dowan (D:6)
  2 scorpions
  3 wights
  A howler monkey (D:5)
  A bullfrog zombie (D:5)
  A quasit (D:5)
  A hound (D:6)
  A jelly (D:7)
  An orc priest (D:6)
  A bullfrog skeleton (D:6)
  3 iguanas
  A worker ant (D:3)
  A killer bee zombie (D:6)
  A hound zombie (D:7)
  11 adders
  A white imp (D:6)
  An ooze (D:4)
  2 worms
  4 dart slugs
  9 leopard geckos
  2 orcs
  3 giant cockroaches
  8 goblins
  9 hobgoblins
  12 jackals
  9 kobolds
  4 quokkas
  2 ball pythons (D:3)
  9 bats
  4 frilled lizards
  4 rats
127 creatures vanquished.

Vanquished Creatures (others)
  4 fungi (D:4)
4 creatures vanquished.

Grand Total: 131 creatures vanquished

Notes
Turn   | Place    | Note
-------+----------+-------------------------------------------
     0 | D:1      | jlumianski the Palentonga Fighter began the quest for the
                  | Orb.
     0 | D:1      | Reached XP level 1. HP: 20/20 MP: 1/1
    82 | D:1      | Reached XP level 2. HP: 19/27 MP: 2/2
   296 | D:1      | Reached XP level 3. HP: 15/33 MP: 3/3
  1311 | D:2      | Reached XP level 4. HP: 29/40 MP: 4/4
  1579 | D:2      | Reached skill level 3 in Axes
  2147 | D:3      | Found a snail-covered altar of Cheibriados.
  2167 | D:3      | Reached skill level 1 in Stealth
  2292 | D:3      | Reached XP level 5. HP: 25/48 MP: 5/5
  2648 | D:3      | Noticed an ogre
  2657 | D:3      | Killed an ogre
  3046 | D:3      | Found a glowing golden altar of the Shining One.
  3228 | D:3      | Found a shimmering blue altar of Sif Muna.
  3228 | D:3      | Found a blossoming altar of Fedhas.
  3236 | D:3      | Found a sacrificial altar of Ru.
  3239 | D:3      | Found a burning altar of Makhleb.
  3241 | D:3      | Found a faded altar of an unknown god.
  3368 | D:4      | Found a runed translucent door.
  3369 | D:4      | Noticed Crazy Yiuf
  3467 | D:4      | Found a staircase to the Ecumenical Temple.
  3477 | Temple   | Entered the Ecumenical Temple
  3537 | Temple   | Became a worshipper of Warmaster Okawaru
  3623 | D:4      | Reached XP level 6. HP: 49/54 MP: 6/6
  3726 | D:4      | Noticed Ijyb
  3965 | D:5      | Entered Level 5 of the Dungeon
  3982 | D:4      | Noticed Pikel
  4000 | D:4      | Killed Pikel
  4001 | D:4      | Reached skill level 4 in Axes
  4001 | D:4      | Gained mutation: You curl defensively after being hit.
                  | [Palentonga growth]
  4001 | D:4      | Reached XP level 7. HP: 49/63 MP: 6/8
  4145 | D:4      | Reached * piety under Okawaru
  4146 | D:4      | Reached skill level 5 in Axes
  4157 | D:5      | Found a runed translucent door.
  4166 | D:5      | Noticed Gadfly's ghost (novice TrBe)
  4419 | D:5      | Reached skill level 1 in Throwing
  4486 | D:6      | Noticed Duvessa
  4487 | D:6      | Noticed Dowan
  4570 | D:5      | Reached XP level 8. HP: 52/71 MP: 10/10
  5129 | D:6      | Reached ** piety under Okawaru
  5130 | D:6      | Reached skill level 6 in Axes
  5130 | D:6      | Reached skill level 1 in Dodging
  5170 | D:6      | Killed Dowan
  5179 | D:6      | Killed Duvessa
  5324 | D:6      | Noticed Blork the orc
  5339 | D:6      | Killed Blork the orc
  5884 | D:8      | Reached skill level 7 in Axes
  5884 | D:8      | Reached XP level 9. HP: 76/78 MP: 12/12
  6004 | D:7      | Reached skill level 5 in Armour
  6046 | D:6      | Reached skill level 5 in Fighting
  6474 | D:6      | Reached *** piety under Okawaru
  6524 | D:7      | Noticed Harold
  6534 | D:7      | Paralysed by Harold for 7 turns
  6548 | D:7      | Paralysed by Harold for 3 turns
  6555 | D:7      | Slain by Harold

Illustrated notes

Levels and vault maps discovered:
D:1:      dpeg_arrival_connections, layout_basic, minmay_pentomino_w2
D:2:      layout_loops_cross
D:3:      layout_loops_ring, general_overflow_altar,
          nicolae_overflow_crystal_walls, chequers_temple_overflow_minitemple,
          minmay_misc_feat_columns
D:4:      layout_loops_cross, minmay_temple_entry_butterflies, uniq_ijyb,
          uniq_pikel, uniq_crazy_yiuf_cottage
D:5:      layout_rooms, ebering_ghost_reflecting_pool
D:6:      layout_rooms, uniq_blork_the_orc, uniq_duvessa
D:7:      layout_basic, okawaru_altar_gauntlet_db, uniq_harold
D:8:      layout_loops_cross, minmay_misc_feat_alley
Temple:   nicolae_temple_elliptical

Skill      XL: |  1  2  3  4  5  6  7  8  9 |
---------------+----------------------------+-----
Axes           | 3 4 5 7 |  7.3
Shields        | 3 4 |  4.6
Stealth        | 1 |  1.1
Armour         | 3 4 5 |  5.1
Fighting       | 4 5 |  5.0
Invocations    | 2 3 4 |  4.7
Throwing       | 1 |  1.4
Dodging        | 1 |  1.1

Action                   |  1- 3 |  4- 6 |  7- 9 || total
-------------------------+-------+-------+-------++-------
Melee: War axe           |   118 |     5 |       ||   123
       Tailslap          |    16 |    18 |    36 ||    70
       Hand axe          |       |   114 |   226 ||   340
Throw: Dart              |       |     5 |     5 ||    10
Invok: Heroism           |       |       |     5 ||     5
 Abil: Rolling Charge    |    21 |    19 |    29 ||    69
  Use: Scroll            |     3 |     6 |     2 ||    11
       Potion            |       |       |     4 ||     4
Armor: Scale mail        |    58 |    31 |       ||    89
       Chain mail        |       |    19 |    75 ||    94
Dodge: Dodged            |    32 |    10 |    49 ||    91
Block: Kite shield       |    47 |    53 |   128 ||   228
